 Dungeon Crawl Stone Soup version 0.26.1-2-gb8aa6d0cf2 (webtiles) character file.

Game seed: 3779298594644672013

45 Dagix the Bolt Thrower (level 3, -4/22 HPs)
             Began as a Kobold Hunter on Feb 11, 2021.
             Killed by nerve-wracking pain
             ... invoked by Jessica
              (8 damage)
             ... on level 2 of the Dungeon.
             The game lasted 00:07:27 (895 turns).

Dagix the Bolt Thrower (Kobold Hunter)               Turns: 895, Time: 00:07:27

Health: -4/22      AC:  3    Str:  9    XL:     3   Next: 90%
Magic:  3/3        EV: 14    Int: 12    God:
Gold:   99         SH:  0    Dex: 16    Spells: 2/2 levels left

rFire    + . .     SeeInvis .   a - +1 hand crossbow
rCold    . . .     Faith    .   (shield restricted)
rNeg     . . .     Spirit   .   c - +0 leather armour
rPois    .         Reflect  .   (no helmet)
rElec    .         Harm     .   (no cloak)
rCorr    .         Rampage  .   (no gloves)
Will     .....                  (no boots)
Stlth    +++.......             (no amulet)
HPRegen  0.07/turn              g - ring of protection from fire
MPRegen  0.08/turn              (no ring)

@: no status effects
A: small, nightstalker 3
a: no special abilities


You were on level 2 of the Dungeon.
You visited 1 branch of the dungeon, and saw 2 of its levels.

You collected 99 gold pieces.

Inventory:

Hand Weapons
 a - a +1 hand crossbow (weapon)
 b - a +0 short sword
Missiles
 e - 60 arrows
 l - 17 stones
Armour
 c - a +0 leather armour (worn)
 k - a +1 barding of cold resistance
Jewellery
 g - a ring of protection from fire (left hand)
Scrolls
 i - 3 scrolls of teleportation {unknown}
 m - a scroll of remove curse {unknown}
Potions
 f - a potion of resistance {unknown}
 h - a potion of ambrosia {unknown}
 j - 3 potions of lignification {unknown}


   Skills:
 + Level 2.4 Fighting
 + Level 0.3 Short Blades
 + Level 6.0 Crossbows
 + Level 0.2 Armour
 + Level 2.4 Dodging
 + Level 1.5 Stealth


You had 2 spell levels left.
You didn't know any spells.
Your spell library was empty.

Dungeon Overview and Level Annotations

Branches:
Dungeon (2/15)

Altars:
Trog

Annotations:
D:2 Jessica


Innate Abilities, Weirdness & Mutations

You are small and have problems with some larger weapons.
You are completely attuned to the shadows.


Message History

Really attack while wielding your +1 hand crossbow? [Y]es or [N]o only, please.
Really attack while wielding your +1 hand crossbow? [Y]es or [N]o only, please.
Really attack while wielding your +1 hand crossbow? [Y]es or [N]o only, please.
Really attack while wielding your +1 hand crossbow?
Okay, then.
Unknown command.
Unknown command.
The worm completely misses you.
Jessica mumbles something strange.
Jessica barely misses you.
Jessica mumbles some strange words.
Jessica blinks!
Jessica points at you and mumbles some strange words.
You barely resist. Jessica gestures at you while chanting.
Pain shoots through your body!
You die...

##### #...# ####@@.##
.... .........
#.........
#####r..#.###.........
.....w.....##.........
.........#.##.........
.....(...#..#.........
......................
................(.....
......................


You could see a worm, Jessica (fast) and a rat.

Vanquished Creatures
  A gnoll (D:1)
  An adder (D:2)
  2 leopard geckos (D:1)
  3 giant cockroaches
  A goblin (D:1)
  2 hobgoblins (D:1)
  5 kobolds
  6 bats (D:1)
  A frilled lizard (D:1)
  2 rats
24 creatures vanquished.

Notes
Turn   | Place    | Note
-------+----------+-------------------------------------------
     0 | D:1      | Dagix the Kobold Hunter began the quest for the Orb.
     0 | D:1      | Reached XP level 1. HP: 12/12 MP: 1/1
    95 | D:1      | Reached skill level 5 in Crossbows
   130 | D:1      | Reached XP level 2. HP: 17/17 MP: 2/2
   172 | D:1      | Reached XP level 3. HP: 21/22 MP: 3/3
   680 | D:2      | Reached skill level 6 in Crossbows
   744 | D:2      | Found a bloodstained altar of Trog.
   877 | D:2      | Noticed Jessica
   895 | D:2      | Killed from afar by Jessica

Illustrated notes

Levels and vault maps discovered:
D:1:      dpeg_arrival_arbitrary_a, layout_rooms
D:2:      layout_basic, nzn_wu_jian_contemplation, lemuel_round_altar,
          fedhas_altar_2, trog_three_pillars_becter, uniq_crazy_yiuf_cottage,
          uniq_jessica

Skill      XL: |  1  2  3 |
---------------+----------+-----
Crossbows      | 5 6 |  6.0
Fighting       | |  2.4
Short Blades   | |  0.3
Armour         | |  0.2
Dodging        | |  2.4
Stealth        | |  1.5

Action                   || total
-------------------------++-------
Melee: Short sword       ||    22
 Fire: Hand crossbow     ||    55
  Use: Potion            ||     1
 Stab: Sleeping          ||     1
Armor: Leather armour    ||    20
Dodge: Dodged            ||    66
